 Dungeon Crawl Stone Soup version 0.31.0 (webtiles) character file.

Game seed: 1159898782317142572

112 hito the Chopper (level 4, 0/37 HPs)
             Began as a Hill Orc Reaver on Jan 20, 2024.
             Incinerated by a bombardier beetle (3 damage)
             ... with a burning spray
             ... on level 3 of the Dungeon.
             The game lasted 00:02:58 (1707 turns).

hito the Chopper (Hill Orc Reaver)                  Turns: 1707, Time: 00:02:59

Health: 0/37       AC:  6    Str: 20    XL:     4   Next: 95%
Magic:  3/6        EV: 11    Int: 13    God:
Gold:   119        SH:  0    Dex:  4    Spells: 3/6 levels left

rFire   . . .        a - +0 hand axe
rCold   . . .        (no shield)
rNeg    . . .        g - +3 leather armour of Inevitability {+Blink Str+4 Dex-5}
rPois   .            (no helmet)
rElec   .            (no cloak)
rCorr   .            (no gloves)
SInv    .            (no boots)
Will    .....        (no amulet) Stlth
                     (no ring)
HPRegen 0.26/turn    (no ring)
MPRegen 0.10/turn

%: no passive effects
@: on fire, glowing
A: no striking features
a: Evoke Blink


You were on level 3 of the Dungeon.
You visited 1 branch of the dungeon, and saw 3 of its levels.

You collected 119 gold pieces.

Inventory:

Hand Weapons
 a - a +0 hand axe (weapon)
Missiles
 k - 2 javelins
Armour
 g - the +3 leather armour of Inevitability (worn) {+Blink Str+4 Dex-5}
   (You found it on level 2 of the Dungeon)

   Str+4:     It affects your strength (+4).
   Dex-5:     It affects your dexterity (-5).
   +Blink:    It lets you blink.
Wands
 i - a wand of flame (21)
Scrolls
 b - a scroll of revelation {unknown}
 e - 4 scrolls of identify {unknown}
 h - a scroll of acquirement {unknown}
 j - a scroll of brand weapon {unknown}
 l - a scroll of blinking {unknown}
 m - a scroll of immolation {unknown}
 n - 3 scrolls of enchant armour {unknown}
 o - a scroll of noise {unknown}
Potions
 c - 2 potions of curing {unknown}
 d - a potion of heal wounds {unknown}
 f - a potion of invisibility {unknown}


   Skills:
 - Level 2.4 Fighting
 + Level 5.8 Axes
 - Level 1.5 Dodging
 - Level 1.5 Spellcasting
 + Level 4.3 Conjurations


You had 3 spell levels left.
You knew the following spells:

 Your Spells              Type           Power      Damage    Failure   Level
a - Kiss of Death         Conj/Necr      24%        2d7       13%         1
b - Momentum Strike       Conj/Tloc      12%        3d8       21%         2

Your spell library contained the following spells:

 Spells                   Type           Power      Damage    Failure   Level
 Hailstorm                Conj/Ice       6%         3d5       36%         3
 Volatile Blastmotes      Fire/Tloc      2%         2d10      67%         3
 Fulminant Prism          Conj/Alch      3%         3d5       78%         4
 Iskenderun's Mystic Bla  Conj/Tloc      6%         2d4       78%         4


Dungeon Overview and Level Annotations

Branches:
Dungeon (3/15)

Altars:
Cheibriados
Ru


Message History

The liquid fire burns you!
The bombardier beetle bites you but does no damage.
Unknown command.
You barely miss the bombardier beetle.
The bombardier beetle is severely wounded.
The liquid fire burns you!
You hit the bombardier beetle but do no damage.
The bombardier beetle is severely wounded.
You hit the quokka but do no damage. The liquid fire burns you!
The quokka barely misses you.
The bombardier beetle closely misses you.
You hit the bombardier beetle.
The bombardier beetle is severely wounded.
You miss the quokka. The liquid fire burns you! The quokka barely misses you.
You hit the bombardier beetle.
You kill the bombardier beetle!
You miss the quokka. The liquid fire burns you! The quokka misses you.
You hit the quokka but do no damage. The liquid fire burns you!
The quokka bites you but does no damage.
The quokka bites you.
* * * LOW HITPOINT WARNING * * *
Your magical contamination has completely faded away.
You closely miss the quokka. The liquid fire burns you!
* * * LOW HITPOINT WARNING * * *
The quokka bites you but does no damage.
You closely miss the quokka. The liquid fire burns you!
* * * LOW HITPOINT WARNING * * *
You are no longer robbed of momentum.
The quokka completely misses you.
You shake off some of the fire as you move.
The liquid fire burns you!
You die...

.. ##.. ....# ##....#
......# #####...... #.
#....r.#
#.###..@.########
.####.#..?###........
..............#######
#........######
..........#
#.........###### #
#................##
###
#<........####.#... ..
#######.#####.#.#.###.
#


You could see a quokka.

Vanquished Creatures
  A bombardier beetle (D:3)
  4 dart slugs
  4 ribbon worms
  5 ball pythons
  4 bats
  6 endoplasms
  6 giant cockroaches
  5 goblins
  4 hobgoblins
  3 jackals (D:3)
  2 kobolds
  2 quokkas (D:2)
  4 frilled lizards
  6 rats
56 creatures vanquished.

Notes
Turn   | Place    | Note
-------+----------+-------------------------------------------
     0 | D:1      | hito the Hill Orc Reaver began the quest for the Orb.
     0 | D:1      | Reached XP level 1. HP: 18/18 MP: 3/3
    74 | D:1      | Reached XP level 2. HP: 25/25 MP: 4/4
    78 | D:1      | Learned a level 2 spell: Momentum Strike
   344 | D:1      | Reached XP level 3. HP: 27/30 MP: 5/5
   705 | D:2      | Identified the +3 leather armour of Inevitability {+Blink
                  | Str+4 Dex-5}
   725 | D:2      | Reached skill level 5 in Axes
   761 | D:2      | Found a snail-covered altar of Cheibriados.
  1360 | D:3      | Reached XP level 4. HP: 37/37 MP: 6/6
  1602 | D:3      | Found a sacrificial altar of Ru.
  1707 | D:3      | Incinerated by a bombardier beetle

Illustrated notes

Levels and vault maps discovered:
D:1:      minmay_arrival_plants_in_alcoves, layout_rooms
D:2:      layout_loops_ring, basic_altar
D:3:      layout_rooms, nicolae_ru_awakened_eye

Skill      XL: |  1  2  3  4 |
---------------+-------------+-----
Axes           | 5 |  5.8
Conjurations   | 4 |  4.3
Fighting       | |  2.4
Dodging        | |  1.5
Spellcasting   | |  1.5

Action                     |  1- 3 |  4- 6 || total
---------------------------+-------+-------++-------
  Melee: Hand axe          |   137 |    75 ||   212
         Punch             |     3 |     1 ||     4
   Cast: Momentum Strike   |       |     2 ||     2
 Armour: Leather armour    |    81 |    52 ||   133
  Dodge: Dodged            |    76 |    62 ||   138
